AoeStats
← JamesNewstedd

Fortress

509612422Analyzed
4v4 RM · 5d ago on Sep 27, 2026· 74m 13s· 8 players
Game mode
Random Map
Map size
Huge
Population
200
Speed
Normal
Resources
Standard
Victory
Conquest
Starting age
Dark Age
Ending age
Imperial Age
RankedLock teamsTeams togetherTeam positionsShared explorationLock speedFull tech treeHidden civsTurbo modeCheats
Victory
Defeat
🇩🇪 Huns · Germany
1584
+12
🇩🇪 Spanish · Germany
1526
+15
🇩🇪 Jurchens · Germany
1513
+15
🇩🇪 Chinese · Germany
1486
+17
🇧🇪 Maya · Belgium
1509
-15
🇫🇷 Georgians · France
1507
-15
🇩🇪 Koreans · Germany
1496
-15
🇳🇴 Italians · Norway
1470
-14
Snavle
7:35 Feudal Age
11:27 Castle Age
9:48 Double-Bit Axe
9:45 Horse Collar
12:50 Bow Saw
13:06 Loom
17:59 Padded Archer Armor
18:59 Wheelbarrow
19:50 Heavy Plow
20:04 Town Watch
20:25 Fletching
20:48 Gold Mining
22:01 Stone Mining
26:19 Imperial Age
24:47 Stone Shaft Mining
24:58 Hand Cart
25:01 Caravan
25:25 Town Patrol
25:47 Leather Archer Armor
25:27 Bodkin Arrow
27:22 Ballistics
27:34 Bracer
28:43 Two-Man Saw
28:18 Crop Rotation
28:46 Ring Archer Armor
29:01 Silk Road
29:58 Chemistry
30:08 Thumb Ring
31:28 Elite Genoese Crossbowman
33:10 Scale Barding Armor
33:16 Forging
32:30 Light Cavalry
33:11 Husbandry
34:42 Bloodlines
36:49 Hussar
37:53 Chain Barding Armor
38:09 Iron Casting
38:59 Conscription
39:56 Plate Barding Armor
42:55 Blast Furnace
45:17 Hoardings
45:48 Masonry
45:21 Treadmill Crane
51:13 Architecture
50:41 Murder Holes
57:05 Squires
56:27 Pikeman
56:52 Arson
57:09 Scale Mail Armor
61:27 Chain Mail Armor
Stepfan
6:59 Feudal Age
11:11 Castle Age
9:30 Double-Bit Axe
10:35 Horse Collar
13:27 Wheelbarrow
14:05 Bow Saw
18:28 Town Watch
18:35 Town Watch
18:39 Loom
21:24 Hand Cart
24:34 Imperial Age
22:20 Gold Mining
23:34 Heavy Plow
24:01 Crossbowman
24:32 Fletching
25:08 Bodkin Arrow
25:44 Conscription
27:01 Bracer
26:46 Arbalester
28:34 Squires
28:36 Scale Mail Armor
28:46 Forging
28:01 Elite Skirmisher
30:33 Ballistics
29:44 Elite Fire Lancer
31:05 Chain Mail Armor
33:00 Plate Mail Armor
33:27 Iron Casting
32:17 Pikeman
33:59 Masonry
35:13 Coinage
34:54 Guilds
35:11 Eupseong
35:09 Halberdier
36:19 Stone Mining
39:46 Thumb Ring
40:12 Caravan
43:09 Capped Ram
48:03 Chemistry
48:51 Heavy Rocket Cart
49:58 Shinkichon
53:49 Town Patrol
55:25 Two-Man Saw
67:33 Siege Engineers
[TETU] tachou
6:49 Feudal Age
10:49 Castle Age
9:08 Horse Collar
13:01 Double-Bit Axe
13:56 Bow Saw
18:58 Wheelbarrow
18:57 Loom
20:13 Hand Cart
20:37 Heavy Plow
21:59 Town Watch
22:47 Scale Barding Armor
22:53 Forging
22:46 Husbandry
26:27 Imperial Age
24:27 Chain Barding Armor
24:25 Bloodlines
26:20 Iron Casting
28:27 Conscription
28:53 Plate Barding Armor
27:40 Cavalier
27:43 Capped Ram
28:41 Siege Ram
30:09 Svan Towers
29:55 Fletching
30:31 Bodkin Arrow
31:25 Hoardings
31:00 Guard Tower
31:31 Ballistics
31:22 Masonry
31:26 Bracer
32:30 Keep
33:33 Chemistry
35:21 Architecture
36:07 Light Cavalry
37:16 Hussar
38:35 Caravan
39:37 Fortified Wall
52:21 Blast Furnace
61:38 Treadmill Crane
62:57 Aznauri Cavalry
Whop
7:41 Feudal Age
5:57 Loom
11:52 Castle Age
9:42 Double-Bit Axe
10:24 Horse Collar
14:52 Town Watch
15:24 Bow Saw
19:32 Fletching
20:03 Heavy Plow
20:39 Gold Mining
20:45 Stone Mining
22:20 Wheelbarrow
22:14 Bodkin Arrow
23:27 Hand Cart
24:06 Fortified Wall
24:07 Masonry
25:50 Ballistics
28:45 Imperial Age
26:33 Padded Archer Armor
27:51 Town Patrol
29:30 Leather Archer Armor
29:29 Bracer
30:33 Chemistry
30:49 Ring Archer Armor
30:20 Elite Plumed Archer
32:22 Forging
32:12 Scale Mail Armor
31:35 Pikeman
34:17 Iron Casting
33:59 Chain Mail Armor
33:47 Squires
35:46 Crop Rotation
36:17 Blast Furnace
35:57 Guard Tower
37:18 Plate Mail Armor
36:15 Halberdier
38:23 Two-Man Saw
38:36 Caravan
39:42 Arson
42:09 Thumb Ring
42:42 Architecture
43:36 Holcans
42:51 Eagle Warrior
44:34 Capped Ram
45:35 Murder Holes
45:32 Elite Eagle Warrior
47:31 Conscription
47:52 Siege Ram
Öl1ng
7:38 Feudal Age
11:14 Castle Age
9:19 Horse Collar
9:28 Double-Bit Axe
9:27 Horse Collar
12:32 Bow Saw
17:18 Heavy Plow
19:28 Gold Mining
19:49 Loom
20:43 Wheelbarrow
21:06 Gold Shaft Mining
21:13 Town Watch
25:16 Imperial Age
23:07 Hand Cart
23:24 Fletching
23:34 Padded Archer Armor
24:29 Bodkin Arrow
25:07 Ballistics
25:40 Leather Archer Armor
25:37 Heavy Cavalry Archer
26:42 Parthian Tactics
26:25 Thumb Ring
26:21 Bracer
27:24 Chemistry
27:19 Scale Barding Armor
27:24 Forging
28:38 Chain Barding Armor
27:40 Light Cavalry
28:31 Bloodlines
28:24 Husbandry
29:24 Hussar
30:54 Plate Barding Armor
30:55 Iron Casting
31:50 Caravan
32:00 Guilds
32:21 Coinage
35:35 Two-Man Saw
35:53 Blast Furnace
37:54 Banking
38:22 Atheism
38:22 Conscription
39:39 Masonry
39:04 Capped Ram
40:23 Murder Holes
40:25 Siege Ram
41:51 Cavalier
44:25 Paladin
JamesNewstedd
8:17 Feudal Age
11:52 Castle Age
9:50 Double-Bit Axe
10:20 Horse Collar
12:54 Bow Saw
13:18 Heavy Plow
13:56 Wheelbarrow
17:17 Fervor
18:42 Town Watch
19:40 Stone Mining
21:50 Fletching
26:06 Imperial Age
24:01 Gold Mining
24:51 Hand Cart
25:04 Scale Barding Armor
26:10 Bloodlines
26:00 Husbandry
26:22 Chain Barding Armor
26:12 Forging
26:33 Cavalier
27:50 Plate Barding Armor
27:57 Stone Shaft Mining
28:42 Caravan
28:17 Paladin
29:34 Iron Casting
29:55 Conscription
31:02 Two-Man Saw
31:26 Blast Furnace
31:16 Light Cavalry
32:54 Conscription
38:06 Hussar
47:15 Coinage
46:55 Guilds
48:44 Town Patrol
51:19 Hoardings
50:14 Sappers
51:29 Banking
71:10 Elite Conquistador
73:11 Padded Archer Armor
SvenVonE ツ
8:32 Feudal Age
12:27 Castle Age
10:14 Double-Bit Axe
10:22 Horse Collar
13:47 Bow Saw
14:27 Wheelbarrow
20:27 Gold Mining
22:58 Gold Shaft Mining
22:27 Heavy Plow
22:49 Loom
23:14 Scale Barding Armor
23:20 Forging
26:14 Imperial Age
23:49 Treadmill Crane
24:20 Fortified Wall
24:33 Chain Barding Armor
24:20 Stone Mining
24:52 Bloodlines
24:42 Husbandry
25:07 Caravan
27:16 Iron Casting
26:57 Masonry
26:40 Elite Iron Pagoda
29:34 Plate Barding Armor
30:30 Blast Furnace
32:18 Conscription
46:28 Chemistry
47:30 Capped Ram
52:49 Crop Rotation
58:13 Siege Ram
61:36 Fletching
61:58 Siege Engineers
62:15 Ballistics
62:25 Architecture
63:32 Fortified Bastions
64:08 Hoardings
64:00 Bodkin Arrow
74:00 Hand Cart
73:30 Town Watch
Ned Stark's Bastard
0:56 Loom
7:54 Feudal Age
11:44 Castle Age
9:35 Double-Bit Axe
9:56 Horse Collar
12:56 Bow Saw
16:13 Wheelbarrow
17:19 Fletching
18:30 Heavy Plow
20:15 Hand Cart
20:09 Gold Mining
23:35 Bodkin Arrow
23:40 Padded Archer Armor
24:17 Ballistics
24:31 Fortified Wall
24:32 Masonry
24:47 Town Watch
29:02 Imperial Age
27:45 Gold Shaft Mining
27:00 Stone Mining
27:48 Leather Archer Armor
29:49 Bracer
30:19 Ring Archer Armor
30:50 Chemistry
30:14 Conscription
30:59 Elite Chu Ko Nu
32:31 Architecture
32:14 Thumb Ring
33:57 Heavy Rocket Cart
34:27 Crossbowman
35:26 Scale Barding Armor
35:31 Forging
39:41 Elite Skirmisher
42:34 Chain Barding Armor
42:49 Iron Casting
42:56 Bloodlines
42:47 Husbandry
42:08 Light Cavalry
45:45 Caravan
53:49 Pikeman
54:29 Squires
54:31 Scale Mail Armor
55:31 Blast Furnace
54:42 Guard Tower
55:21 Arson
56:23 Squires
55:49 Pikeman
56:22 Halberdier
59:41 Capped Ram
61:16 Chain Mail Armor
60:49 Siege Ram
64:44 Plate Mail Armor
Connection lost

Rejoining the realm…

Still unreachable

The connection could not be restored.

Session expired

The server has moved on; the page needs a fresh start.